 Dungeon Crawl Stone Soup version 0.23.2-1-ga50397a (webtiles) character file.

Game seed: 1279646677624381375

242 Aldia the Ruffian (level 5, -1/53 HPs)
             Began as a Troll Monk on May 29, 2019.
             Slain by a gnoll
             ... wielding a +0 spear
              (5 damage)
             ... on level 2 of the Dungeon.
             The game lasted 00:02:02 (948 turns).

Aldia the Ruffian (Troll Monk)                       Turns: 948, Time: 00:02:03

Health: -1/53      AC:  6    Str: 20    XL:     5   Next: 82%
Magic:  4/4        EV: 11    Int:  6    God:
Gold:   35         SH:  0    Dex: 12    Spells: 4/4 levels left

rFire    . . .     SeeInvis .     - Unarmed
rCold    . . .     Gourm    +   (no shield)
rNeg     . . .     Faith    .   a - +0 robe
rPois    .         Spirit   .   (helmet restricted)
rElec    .         Reflect  .   (no cloak)
rCorr    .         Harm     .   (gloves unavailable)
MR       .....                  (boots unavailable)
Stlth    ++........             (no amulet)
HPRegen  0.57/turn              (no ring)
MPRegen  0.09/turn              (no ring)

@: no status effects
A: large, unfitting armour, claws 3, fast metabolism 3, gourmand, regeneration
1, shaggy fur 1, tough skin 3
a: no special abilities


You were on level 2 of the Dungeon.
You were completely stuffed.

You visited 1 branch of the dungeon, and saw 2 of its levels.

You collected 35 gold pieces.

Inventory:

Armour
 a - a +0 robe (worn)
Scrolls
 c - a scroll of amnesia {unknown}
 d - 2 scrolls of identify {unknown}
 e - a scroll of teleportation {unknown}
 f - a scroll of remove curse
 i - a scroll of blinking {unknown}
Potions
 h - a potion of curing {unknown}
Comestibles
 b - 4 rations
 g - 3 chunks of flesh


   Skills:
 + Level 3.4 Fighting
 + Level 3.4 Dodging
 - Level 1.0 Stealth
 * Level 5.1 Unarmed Combat


You had 4 spell levels left.
You didn't know any spells.
Your spell library was empty.

Dungeon Overview and Level Annotations

Branches:
Dungeon (2/15)

Altars:
Gozag
Makhleb
Qazlal
Sif Muna
Vehumet
Xom
The Shining One


Innate Abilities, Weirdness & Mutations

You are too large for most types of armour.
You have claws for hands.
Your metabolism is lightning-fast.
You like to eat raw meat.
Your natural rate of healing is unusually fast.
You are covered in fur. (AC +1)
You have extremely tough skin. (AC +3)


Message History

The gnoll closely misses you.
The gnoll hits you from afar with a +0 spear!
You scratch the gnoll.
The gnoll is severely wounded.
The gnoll closely misses you.
The gnoll hits you from afar with a +0 spear!
* * * LOW HITPOINT WARNING * * *
You claw the gnoll!
You kill the gnoll!
The gnoll misses you. The gnoll hits you but does no damage.
The gnoll closely misses you.
Things that are here:
a cursed -1 flail; a gnoll corpse You closely miss the gnoll.
The gnoll hits you from afar with a +0 spear.
* * * LOW HITPOINT WARNING * * *
The gnoll hits you from afar with a +0 spear.
* * * LOW HITPOINT WARNING * * *
The gnoll hits you from afar with a +0 spear.
You die...

#.#####
.....................#.
....#
............########.#.
#.#.# ............#
#.#. #.#.#
............# #.#.
#.#.#
...........####### #.#.
#.#.# ###...........#
#.#. #.#.#
#.#########.# #.#.
#.#.# ......#.# #_#
#.#. #.#.# #.....#@#
#.###.#. # #?....#.#
#.#...#. # #.....#g#
#.#.###. . #.....#g#
#.#.###. #.....#.#
#.#..^.. #...gg#g#
#.###### ##.....#[#
#....... ......g...#
######## ###.....###


You could see 3 gnolls.

Vanquished Creatures
  Sigmund (D:2)
  Terence (D:2)
  A gnoll (D:2)
  An ooze (D:1)
  A dart slug (D:1)
  A leopard gecko (D:1)
  3 bats
  3 giant cockroaches
  6 goblins
  2 hobgoblins
  5 kobolds
  A ball python (D:1)
  3 frilled lizards
  3 rats
32 creatures vanquished.

Notes
Turn   | Place    | Note
-------+----------+-------------------------------------------
     0 | D:1      | Aldia the Troll Monk began the quest for the Orb.
     0 | D:1      | Reached XP level 1. HP: 22/22 MP: 0/0
   109 | D:1      | Reached XP level 2. HP: 28/29 MP: 1/1
   354 | D:1      | Reached XP level 3. HP: 36/36 MP: 2/2
   590 | D:2      | Noticed Sigmund
   598 | D:2      | Killed Sigmund
   598 | D:2      | Reached skill level 4 in Unarmed Combat
   598 | D:2      | Reached XP level 4. HP: 25/45 MP: 3/3
   598 | D:2      | Reached XP level 5. HP: 30/53 MP: 4/4
   722 | D:2      | Found a stormy altar of Qazlal.
   731 | D:2      | Found a burning altar of Makhleb.
   790 | D:2      | Found a glowing golden altar of the Shining One.
   790 | D:2      | Found a radiant altar of Vehumet.
   790 | D:2      | Found a deep blue altar of Sif Muna.
   790 | D:2      | Found an opulent altar of Gozag.
   790 | D:2      | Noticed Terence
   802 | D:2      | Killed Terence
   802 | D:2      | Reached skill level 5 in Unarmed Combat
   889 | D:2      | Found a shimmering altar of Xom.
   948 | D:2      | Slain by a gnoll

Skill      XL: |  1  2  3  4  5 |
---------------+----------------+-----
Fighting       | 3 |  3.4
Dodging        | 3 |  3.4
Unarmed Combat | 4 5 |  5.1
Stealth        | |  1.0

Action                   |  1- 3 |  4- 6 || total
-------------------------+-------+-------++-------
Melee: Unarmed           |    48 |    40 ||    88
       Punch             |     3 |       ||     3
  Use: Scroll            |       |     1 ||     1
 Stab: Sleeping          |       |     2 ||     2
  Eat: Chunk             |    10 |     4 ||    14
Armor: Robe              |    16 |    18 ||    34
Dodge: Dodged            |    12 |    32 ||    44
